 Dungeon Crawl Stone Soup version 0.24.0-13-gcf9b319 (webtiles) character file.

Game seed: 700616169769455157, levelgen mode: deterministic

8317 Fang the Fighter (level 11, -9/72 HPs)
             Began as a Gargoyle Berserker on Nov 15, 2019.
             Was a High Priest of Trog.
             Killed from afar by a fire dragon (16 damage)
             ... with a blast of flame
             ... on level 9 of the Dungeon.
             The game lasted 00:10:50 (7839 turns).

Fang the Fighter (Gargoyle Berserker)               Turns: 7839, Time: 00:10:50

Health: -9/72      AC: 25    Str: 23    XL:     11   Next: 29%
Magic:  11/11      EV:  7    Int:  9    God:    Trog [*****.]
Gold:   651        SH:  7    Dex:  9    Spells: 10/10 levels left

rFire    . . .     SeeInvis .   z - +2 war axe (chop)
rCold    . . .     Gourm    .   n - +0 shield
rNeg     + . .     Faith    .   b - +1 plate armour
rPois    ∞         Spirit   .   (no helmet)
rElec    +         Reflect  .   o - +1 cloak
rCorr    .         Harm     .   (no gloves)
MR       ++...                  (no boots)
Stlth    ..........             (no amulet)
HPRegen  1.22/turn              (no ring)
MPRegen  0.12/turn              (no ring)

@: regenerating
A: negative energy resistance 1, electricity resistance, unbreathing,
petrification resistance, rot immunity, AC +8
a: Berserk, Trog's Hand, Brothers in Arms, Renounce Religion


You were on level 9 of the Dungeon.
You worshipped Trog.
Trog was extremely pleased with you.
You were hungry.

You visited 2 branches of the dungeon, and saw 10 of its levels.

You collected 651 gold pieces.

Inventory:

Hand Weapons
 a - a +0 war axe of electrocution
 z - a +2 war axe of chopping (weapon)
Armour
 b - a +1 plate armour (worn)
 n - a +0 shield (worn)
 o - a +1 cloak (worn)
Wands
 r - a wand of clouds (6)
 v - a wand of flame (52)
Scrolls
 d - 4 scrolls of teleportation
 g - 2 scrolls of fog
 j - 3 scrolls of remove curse
 k - a scroll of identify
 q - a scroll of magic mapping
 t - a scroll of acquirement {unknown}
 u - a scroll of blinking
 x - a scroll of fear
 y - a scroll of enchant armour
Potions
 e - a potion of resistance {unknown}
 f - 3 potions of might
 h - a potion of heal wounds
 i - 2 potions of magic
 l - a potion of curing {unknown}
 m - a potion of mutation
 w - a potion of flight
Comestibles
 c - 10 rations
 p - 4 chunks of flesh


   Skills:
 + Level 10.0 Fighting
 + Level 8.4 Axes
 + Level 9.7 Armour
 + Level 7.4 Dodging


You had 10 spell levels left.
You didn't know any spells.
Your spell library was empty.

Dungeon Overview and Level Annotations

Branches:
Dungeon (9/15)             Temple (1/1) D:6            Lair (0/6) D:9
    Orc: D:9-12

Altars:
Ashenzari
Elyvilon
Kikubaaqudgha
Makhleb
Qazlal
Wu Jian
Xom

Shops:
D:5 (

Annotations:
D:5 2 runed translucent doors, EternalSandwich's ghost, novice MiGl


Innate Abilities, Weirdness & Mutations

You are resistant to torment.
Your stone body is resilient. (AC +8)
You are immune to poison.
You resist negative energy. (rN+)
You are resistant to electric shocks. (rElec)
You can survive without breathing.
You are immune to petrification.
You are immune to rotting.


Message History

No target in view!
A fire dragon comes into view.
The fire dragon roars deafeningly!
You hear an angry growl.
You see here 8 gold pieces.
A fire dragon is nearby!
A fire dragon is nearby!
The fire dragon breathes flames at you. The blast of flame hits you!!!
Ouch! That really hurt!
* * * LOW HITPOINT WARNING * * *
Found a staircase to the Lair.
Your skin crawls.
You feel resistant to hostile enchantments.
You feel somewhat more hungry.
You see here 8 gold pieces.
Your ogre goes berserk!
You are feeling hungry.
The fire dragon breathes flames at you. The blast of flame hits you!
You die...

.#..............
..........§§.... ...
..#.)..##..§.§§≈≈
..............#..#§§§≈≈
......#.###........≈≈.≈
.....#.#..........≈≈.§
###...#.#......O....§≈§
.................$..D..§≈§
... #...#......@.......≈.
.. +....................
#^##.........#+#........
#..#.........# #........
#.#.............[......
#......................
##....................
#....#..................+
#....#........#.........#


You could see a fire dragon and a friendly ogre (berserk).

Vanquished Creatures
  Erica (D:8)
  Pikel (D:8)
  The ghost of FTG82 the Vexing, an amateur GnAM (D:4)
  A hippogriff (D:8)
  Sigmund (D:2)
  Eustachio (D:5)
  10 yaks (D:9)
  Grum (D:8)
  A hungry ghost (D:7)
  Edmund (D:6)
  Duvessa (D:7)
  An orc warrior (D:7)
  4 ice beasts
  3 phantoms
  A slave (D:8)
  A black bear (D:7)
  4 centaurs
  7 ogres
  3 wolves (D:8)
  3 big kobolds
  9 bullfrogs
  A wyvern zombie (D:6)
  A wyvern skeleton (D:6)
  4 scorpions
  Dowan (D:7)
  2 electric eels (D:9)
  A howler monkey (D:5)
  A centaur zombie (D:8)
  A crimson imp (D:7)
  A bullfrog zombie (D:8)
  A quasit (D:6)
  4 orc priests
  9 hounds
  2 jellies (D:5)
  8 orc wizards
  Crazy Yiuf (D:5)
  2 iguanas
  Natasha (thrice) (D:4)
  7 worker ants
  A killer bee zombie (D:2)
  A hound zombie (D:8)
  2 hound skeletons
  4 gnolls (D:5)
  5 adders
  3 shadow imps
  2 adder skeletons
  A worm (D:2)
  3 dart slugs
  7 leopard geckos
  23 orcs
  3 giant cockroaches
  12 goblins
  5 hobgoblins
  10 jackals
  4 quokkas
  5 bats
  11 frilled lizards
  A jackal skeleton (D:7)
  A jackal zombie (D:5)
  11 kobolds
  A leopard gecko skeleton (D:7)
  A quokka skeleton (D:9)
  14 rats
  A plant (D:9)
238 creatures vanquished.

Vanquished Creatures (others)
  An adder (D:9)
  An orc (D:9)
2 creatures vanquished.

Grand Total: 240 creatures vanquished

Notes
Turn   | Place    | Note
-------+----------+-------------------------------------------
     0 | D:1      | Fang the Gargoyle Berserker began the quest for the Orb.
     0 | D:1      | Reached XP level 1. HP: 14/14 MP: 1/1
    98 | D:1      | Reached XP level 2. HP: 19/19 MP: 2/2
   324 | D:1      | Reached XP level 3. HP: 3/23 MP: 3/3
   992 | D:2      | Reached ** piety under Trog
  1002 | D:2      | Reached XP level 4. HP: 19/29 MP: 4/4
  1244 | D:2      | Noticed Sigmund
  1264 | D:2      | Killed Sigmund
  1264 | D:2      | Reached skill level 4 in Fighting
  1264 | D:2      | Reached XP level 5. HP: 21/34 MP: 5/5
  1264 | D:2      | Reached XP level 6. HP: 23/39 MP: 6/6
  1683 | D:3      | Found a faded altar of an unknown god.
  2054 | D:3      | Reached *** piety under Trog
  3038 | D:4      | Reached skill level 5 in Fighting
  3211 | D:4      | Reached XP level 7. HP: 44/44 MP: 7/7
  3247 | D:4      | Reached skill level 5 in Armour
  3251 | D:4      | Noticed Natasha
  3502 | D:4      | Killed Natasha
  3503 | D:4      | Noticed Natasha
  3515 | D:4      | Killed Natasha
  3545 | D:4      | Noticed Natasha
  3559 | D:4      | Killed Natasha
  3647 | D:4      | Reached XP level 8. HP: 51/51 MP: 8/8
  3679 | D:4      | Found a burning altar of Makhleb.
  3679 | D:4      | Noticed an Executioner
  3704 | D:4      | Reached skill level 6 in Fighting
  3733 | D:4      | Found a runed translucent door.
  3733 | D:4      | Noticed FTG82's ghost (amateur GnAM)
  4022 | D:4      | Killed FTG82's ghost
  4022 | D:4      | Reached skill level 5 in Axes
  4103 | D:5      | Entered Level 5 of the Dungeon
  4105 | D:5      | Found Foc Jowu's Weapon Shoppe.
  4134 | D:5      | Noticed Eustachio
  4151 | D:5      | Killed Eustachio
  4323 | D:5      | Reached **** piety under Trog
  4336 | D:5      | Reached XP level 9. HP: 53/56 MP: 9/9
  4341 | D:5      | Found a runed translucent door.
  4344 | D:5      | Noticed EternalSandwich's ghost (novice MiGl)
  4351 | D:5      | Reached skill level 7 in Fighting
  4468 | D:5      | Found a runed translucent door.
  4469 | D:5      | Noticed Crazy Yiuf
  4532 | D:5      | Found Utakec's Antique Armour Boutique.
  4540 | D:5      | Reached skill level 5 in Dodging
  4585 | D:5      | Found a runed translucent door.
  4898 | D:5      | Killed Crazy Yiuf
  4984 | D:6      | Found a staircase to the Ecumenical Temple.
  4995 | D:6      | Noticed Edmund
  5006 | D:6      | Killed Edmund
  5028 | Temple   | Entered the Ecumenical Temple
  5227 | D:6      | Reached skill level 8 in Fighting
  5901 | D:7      | Noticed Duvessa
  5901 | D:7      | Noticed Dowan
  5907 | D:7      | Killed Dowan
  5907 | D:7      | Reached XP level 10. HP: 51/64 MP: 10/10
  5920 | D:7      | Killed Duvessa
  5952 | D:7      | Reached ***** piety under Trog
  6738 | D:8      | Noticed Erica
  6747 | D:8      | Killed Erica
  6747 | D:8      | Reached skill level 9 in Fighting
  6847 | D:8      | Noticed Grum
  6870 | D:8      | Killed Grum
  7152 | D:8      | Noticed Pikel
  7164 | D:8      | Killed Pikel
  7370 | D:8      | Reached XP level 11. HP: 70/72 MP: 11/11
  7757 | D:9      | Reached skill level 10 in Fighting
  7834 | D:9      | Noticed a fire dragon
  7835 | D:9      | Found a staircase to the Lair.
  7835 | D:9      | HP: 2/72 [fire dragon/blast of flame (54)]
  7839 | D:9      | Killed from afar by a fire dragon

Levels and vault maps discovered:
D:1:      wander_arrival_fairy_ring, layout_basic
D:2:      layout_rooms, minmay_goblin_outpost, uniq_sigmund
D:3:      layout_loops_ring, chequers_ecumenical_altar_simple_redux,
          first_ration, chequers_big_river, small_statue_intersection
D:4:      layout_rooms, makhleb_altar_promises_db, gammafunk_ghost_grave,
          minivault_5, serial_park_tiny_1, uniq_natasha
D:5:      layout_loops_ring, ebering_ghost_sewer_f, serial_shops, shop,
          shop_fountains, uniq_crazy_yiuf_cottage, uniq_eustachio
D:6:      layout_rooms, minmay_temple_entry_gardened_gates, uniq_edmund
D:7:      hangedman_cross_stitches, layout_basic, uniq_duvessa
D:8:      layout_loops_cross, uniq_grum, uniq_erica, uniq_pikel
D:9:      layout_basic, minmay_lair_entry_lava, serial_bayou,
          serial_bayou_ford_a, serial_bayou_pond_d, serial_bayou_pond_a,
          serial_bayou_shore_b
Temple:   compressed_dpeg_triangle_lava_temple

Skill      XL: |  1  2  3  4  5  6  7  8  9 10 11 |
---------------+----------------------------------+-----
Axes           | 3 4 5 6 8 |  8.4
Dodging        | 2 3 4 5 7 |  7.4
Armour         | 3 4 5 6 7 9 |  9.7
Fighting       | 4 5 6 8 9 10 | 10.0

Action                   |  1- 3 |  4- 6 |  7- 9 | 10-12 || total
-------------------------+-------+-------+-------+-------++-------
Melee: Hand axe          |   102 |   220 |    54 |       ||   376
       War axe           |       |       |   236 |   311 ||   547
Invok: Berserk           |     1 |     4 |     1 |     5 ||    11
       Trog's Hand       |       |       |     1 |     2 ||     3
       Brothers in Arms  |       |       |       |     1 ||     1
  Use: Scroll            |       |     7 |       |    12 ||    19
 Stab: Sleeping          |     1 |       |       |       ||     1
  Eat: Chunk             |       |    10 |    10 |    10 ||    30
       Ration            |       |     1 |       |     2 ||     3
Armor: Animal skin       |    21 |       |       |       ||    21
       Plate armour      |    51 |   215 |   260 |   323 ||   849
Dodge: Dodged            |    72 |    62 |    87 |   116 ||   337
Block: Shield            |       |    78 |   128 |   156 ||   362
